 Seeded DCSS version 0.28-a0-938-gbc3f381ebc (webtiles) character file.

Game seed: 20211135 (custom seed)

41 a11behringer the Shield-Bearer (level 3, 0/30 HPs)
             Began as a Formicid Fighter on Nov 30, 2021.
             Succumbed to an adder's poison
             ... on level 2 of the Dungeon.
             The game lasted 00:03:50 (947 turns).

a11behringer the Shield-Bearer (Formicid Fighter)    Turns: 947, Time: 00:03:51

Health: 0/30       AC:  9    Str: 21    XL:     3   Next: 75%
Magic:  3/3        EV:  7    Int:  7    God:
Gold:   17         SH:  4    Dex: 10    Spells: 2/2 levels left

rFire   . . .      SeeInvis +   a - +0 war axe
rCold   . . .      Faith    .   c - +0 buckler
rNeg    . . .      Spirit   .   k - +0 chain mail
rPois   .          Reflect  .   (helmet unavailable)
rElec   .          Harm     .   (no cloak)
rCorr   .          Rampage  .   (no gloves)
Will    .....                   (no boots)
Stlth   ..........              (no amulet)
HPRegen 0.10/turn               (no ring)
MPRegen 0.08/turn               (no ring)

@: lethally poisoned (0 -> -10), attractive
A: permanent stasis, dig shafts and tunnels, antennae 3, four strong arms
a: Dig, Shaft Self


You were on level 2 of the Dungeon.
You visited 1 branch of the dungeon, and saw 2 of its levels.

You collected 17 gold pieces.

Inventory:

Hand Weapons
 a - a +0 war axe (weapon)
Missiles
 g - 27 arrows
 i - 15 poisoned darts
Armour
 b - a +0 scale mail
 c - a +0 buckler (worn)
 k - a +0 chain mail (worn)
Magical Staves
 f - a staff of earth
Scrolls
 h - a scroll of noise {unknown}
 j - a scroll of enchant armour {unknown}
Potions
 d - a potion of might
 e - a potion of heal wounds {unknown}
 l - a potion of attraction
 m - a potion of lignification {unknown}


   Skills:
 + Level 3.7 Fighting
 * Level 3.0 Axes
 + Level 3.5 Armour
 + Level 3.9 Shields


You had 2 spell levels left.
You didn't know any spells.
Your spell library was empty.

Dungeon Overview and Level Annotations

Branches:
Dungeon (2/15)

Altars:


Innate Abilities, Weirdness & Mutations

You cannot be hasted, slowed, berserked, paralysed or teleported.
You can dig through walls and to a lower floor.
You have a pair of large antennae on your head. (SInv)
Your four strong arms can wield two-handed weapons with a shield.


Message History

The adder bites you. The adder closely misses you.
You miss the adder.
The adder is moderately wounded.
The adder bites you but does no damage. You block the adder's attack.
Your chain mail prevents you from hitting the adder.
The adder is moderately wounded.
The adder bites you but does no damage. The adder bites you.
You closely miss the adder.
The adder is moderately wounded.
The adder bites you but does no damage. The adder bites you.
You barely miss the adder.
The adder is moderately wounded.
The adder bites you but does no damage.
You hit the adder but do no damage.
The adder is moderately wounded.
The adder closely misses you. The adder bites you but does no damage.
You closely miss the adder.
The adder is moderately wounded.
You block the adder's attack. x2
You miss the adder.
The adder is moderately wounded.
The adder bites you. The adder barely misses you.
You miss the adder.
The adder is moderately wounded.
The adder bites you.
* * * LOW HITPOINT WARNING * * *
You are poisoned.
The adder poisons you! The adder bites you but does no damage.
You barely miss the adder.
The adder is moderately wounded.
You feel sick. The adder closely misses you.
You closely miss the adder.
The adder is moderately wounded.
You feel sick. The adder bites you but does no damage. The adder bites you.
* * * LOW HITPOINT WARNING * * *
You are more poisoned.
The adder poisons you!
It was a potion of attraction.
You feel attractive to monsters.
You die...

#.. #.#
####.####.#######
.........<.......
.................
####............
########.#........##
#........#........#
#.................#
#......@S........<..
#.................##
#........#........#
#........#........
#........#.#.#.###
#?.......#.#.....
#........#.#.#.##
............ ..


You could see an adder.

Vanquished Creatures
  A worm (D:2)
  A dart slug (D:1)
  An endoplasm (D:1)
  A giant cockroach (D:1)
  4 goblins (D:1)
  A hobgoblin (D:1)
  7 jackals (D:1)
  2 kobolds (D:1)
  3 quokkas
  A ball python (D:1)
  A frilled lizard (D:1)
  11 rats (D:1)
34 creatures vanquished.

Notes
Turn   | Place    | Note
-------+----------+-------------------------------------------
     0 | D:1      | a11behringer the Formicid Fighter began the quest for the
                  | Orb.
     0 | D:1      | Reached XP level 1. HP: 18/18 MP: 1/1
    42 | D:1      | Reached XP level 2. HP: 24/24 MP: 2/2
   164 | D:1      | Found a faded altar of an unknown god.
   403 | D:1      | Reached XP level 3. HP: 29/29 MP: 3/3
   947 | D:2      | Succumbed to an adder's poison

Illustrated notes

Levels and vault maps discovered:
D:1:      saegor_arrival_miasma, layout_rooms, dreamdust_ecumenical_altar_grove,
          grunt_decor_arrowhead, chequers_jeans, minmay_rat_gold_closets
D:2:      layout_basic, basic_altar

Skill      XL: |  1  2  3 |
---------------+----------+-----
Axes           | 3 |  3.0
Fighting       | |  3.7
Armour         | |  3.5
Shields        | |  3.9

Action                   || total
-------------------------++-------
Melee: War axe           ||   107
 Abil: Dig               ||     1
  Use: Potion            ||     1
Armor: Scale mail        ||     6
       Chain mail        ||    55
Dodge: Dodged            ||    51
Block: Buckler           ||    36

Table legend: (Time is in decaauts)
 A = Elapsed time spent in this place.
 B = Non-inter-level travel time spent in this place.
 C = Inter-level travel time spent in this place.
 D = Time resting spent in this place.
 E = Time spent auto-exploring this place.
 F = Levels seen in this place.
 G = Mean time per level.
                   A        B        C        D        E       F      G
               +--------+--------+--------+--------+--------+-----+--------+
         Total |    987 |    721 |    266 |      0 |    463 |   2 |  493.5 |
       Dungeon |    987 |    721 |    266 |      0 |    463 |   2 |  493.5 |
               +--------+--------+--------+--------+--------+-----+--------+

Top non-repeatable levels by time:
     D:1: 957 daAuts
     D:2: 30 daAuts
